 Dungeon Crawl Stone Soup version 0.27-a0-836-gfc908b8576 (webtiles) character file.

Game seed: 16685281681432909181

1853 gruber the Slinger (level 9, -7/70 HPs)
             Began as a Djinni Fire Elementalist on Apr 1, 2021.
             Mangled by a wight
             ... wielding a +3 dire flail of freezing
              (9 damage)
             ... on level 7 of the Dungeon.
             The game lasted 00:12:14 (10164 turns).

gruber the Slinger (Djinni Fire Elementalist)      Turns: 10164, Time: 00:12:15

Health: -7/70      AC:  5    Str:  7    XL:     9   Next: 12%
Gold:   262        EV: 12    Int: 20    God:
                   SH:  0    Dex: 14

rFire    + + .     SeeInvis .   j - +0 hunting sling
rCold    x . .     Faith    .   (no shield)
rNeg     . . .     Spirit   .   a - +0 robe
rPois    ∞         Reflect  .   x - +0 helmet
rElec    .         Harm     .   g - +0 cloak
rCorr    +         Rampage  .   u - +0 pair of gloves
Will     +....                  (boots unavailable)
Stlth    ++........             (no amulet)
HPRegen  0.21/turn              o - ring of resist corrosion
MPRegen  0.00/turn              r - ring of willpower

@: flying, studying Slings
A: fire resistance 2, cold vulnerability 1, float, innate caster, hp casting,
extra vitality 1
a: no special abilities


You were on level 7 of the Dungeon.
You visited 1 branch of the dungeon, and saw 7 of its levels.

You collected 292 gold pieces.
You spent 30 gold pieces at shops.

Inventory:

Hand Weapons
 j - a +0 hunting sling (weapon)
 q - a +1 dagger of venom
 z - a +5 flail of freezing
Missiles
 f - 488 stones (quivered ammo)
Armour
 a - a +0 robe (worn)
 g - a +0 cloak (worn)
 u - a +0 pair of gloves (worn)
 x - a +0 helmet (worn)
Jewellery
 o - a ring of resist corrosion (left hand)
 r - a ring of willpower (right hand)
 t - a ring of ice
Wands
 w - a wand of flame (17)
 y - a wand of random effects (24)
 A - a wand of polymorph (7)
Scrolls
 c - 4 scrolls of teleportation {unknown}
 d - 2 scrolls of vulnerability {unknown}
 i - 2 scrolls of amnesia {unknown}
 k - 2 scrolls of enchant armour {unknown}
 m - 8 scrolls of identify {unknown}
 p - 3 scrolls of noise {unknown}
 v - 2 scrolls of blinking {unknown}
 C - a scroll of silence {unknown}
Potions
 b - a potion of might {unknown}
 e - a potion of degeneration {unknown}
 h - a potion of brilliance {unknown}
 l - 3 potions of curing
 n - a potion of lignification {unknown}
 s - a potion of berserk rage {unknown}
 B - a potion of haste {unknown}
 D - a potion of invisibility {unknown}


   Skills:
 * Level 7.8 Fighting
 - Level 9.0 Slings
 - Level 2.1 Dodging
 - Level 1.5 Stealth
 - Level 4.0 Spellcasting


You couldn't memorise any spells.
You knew the following spells:

 Your Spells              Type           Power      Damage    Failure   Level
a - Foxfire               Conj/Fire      80%        2x1d8     2%          1
b - Conjure Flame         Conj/Fire      20%        6-21      8%          3
c - Inner Flame           Hex/Fire       20%        N/A       8%          3
d - Sticky Flame          Conj/Fire      20%        2d4       24%         4
e - Fireball              Conj/Fire      10%        3d6       56%         5
f - Shock                 Conj/Air       80%        1d8       2%          1
g - Passwall              Tmut/Erth      16%        N/A       3%          2
h - Ensorcelled Hibernat  Hex/Ice        40%        N/A       3%          2
i - Dispel Undead         Necr           20%        3d11      24%         4
Your spell library was empty.

Dungeon Overview and Level Annotations

Branches:
Dungeon (7/15)             Temple (0/1) D:7

Altars:
Gozag
Kikubaaqudgha
Nemelex Xobeh
Okawaru
Sif Muna
Trog
Vehumet

Shops:
D:2 (*!   D:6 :


Innate Abilities, Weirdness & Mutations

You are immune to poison.
Your flesh is very heat resistant. (rF++)
You are vulnerable to cold. (rC-)
You float through the air rather than walking.
You learn spells naturally, not from books.
Your magical power is your life essence.
You have superior vitality. (+4 HP)


Message History

The wight is almost destroyed.
The foxfire hits the wight but does no damage.
The wight is almost destroyed.
The wight hits you from afar with a +2 halberd of freezing!
The wight freezes you.
Casting: Foxfire (safe; 2% risk of failure)
Confirm with . or Enter, or press ? or * to list all spells.
You conjure some foxfire!
The foxfire hits the wight.
You destroy the wight!
The foxfire hits the wight but does no damage.
Casting: Foxfire (safe; 2% risk of failure)
Confirm with . or Enter, or press ? or * to list all spells.
You conjure some foxfire!
The foxfire hits the wight but does no damage.
The foxfire hits the wight.
The wight is moderately damaged.
The wight closely misses you.
Casting: Foxfire (safe; 2% risk of failure)
Confirm with . or Enter, or press ? or * to list all spells.
You conjure some foxfire!
The foxfire hits the wight but does no damage.
The wight is moderately damaged.
The foxfire hits the wight but does no damage.
The wight is moderately damaged.
The wight hits you with a +3 dire flail of freezing!
* * * LOW HITPOINT WARNING * * *
The wight freezes you.
* * * LOW HITPOINT WARNING * * *
Casting: Foxfire (safe; 2% risk of failure)
Confirm with . or Enter, or press ? or * to list all spells.
You conjure some foxfire!
* * * LOW HITPOINT WARNING * * *
The foxfire hits the wight but does no damage.
The wight is moderately damaged.
The foxfire hits the wight.
The wight is severely damaged.
The wight hits you with a +3 dire flail of freezing!
* * * LOW HITPOINT WARNING * * *
The wight freezes you!
You die...

####### #. #..#
##.....## #.## #..#
##...8...##. ...##...
#.........#. #..#..#
#.⌠._._.⌠.## #....#
#.........# #.))#
##...8...##
#.vz#######.....####
###..@....# ###'####..
#...§§v...###.#.###..#
#..........##.......##
#..........####..##...
#.....................
#######......≈≈.≈≈....
#....≈≈≈≈.≈≈≈≈..
#..≈≈≈≈≈≈.≈≈≈≈≈≈
...≈≈≈≈≈≈≈.≈≈≈≈≈≈


You could see a wight (ally target).

Vanquished Creatures
  Sigmund (D:4)
  Menkaure (D:5)
  A black bear (D:5)
  A necrophage (D:5)
  An ogre (D:5)
  2 kobold brigands (D:6)
  A water moccasin skeleton (D:5)
  8 wights
  3 jellies
  5 hounds
  A bullfrog skeleton (D:5)
  A centaur skeleton (D:5)
  4 iguanas
  4 orc wizards
  Ijyb (D:4)
  A killer bee zombie (D:5)
  A hound skeleton (D:4)
  Robin (D:4)
  3 gnolls (D:4)
  6 adders
  An adder skeleton (D:4)
  2 worms (D:4)
  4 dart slugs
  13 orcs
  6 ball pythons
  10 bats
  17 endoplasms
  A giant cockroach (D:4)
  12 goblins
  6 hobgoblins
  7 jackals
  24 kobolds
  3 quokkas
  4 frilled lizards (D:1)
  11 rats
168 creatures vanquished.

Vanquished Creatures (collateral kills)
  A foxfire (D:3)
1 creature vanquished.

Vanquished Creatures (others)
  683 foxfires
  A fungus (D:3)
  2 plants (D:3)
  9 toadstools (D:3)
695 creatures vanquished.

Grand Total: 864 creatures vanquished

Notes
Turn   | Place    | Note
-------+----------+-------------------------------------------
     0 | D:1      | gruber the Djinni Fire Elementalist began the quest for the
                  | Orb.
     0 | D:1      | Reached XP level 1. HP: 15/15 MP: 0/0
   323 | D:1      | Reached XP level 2. HP: 17/21 MP: 0/0
   969 | D:1      | Reached XP level 3. HP: 18/25 MP: 0/0
   969 | D:1      | Learned a level 1 spell: Shock
  1619 | D:2      | Found Vigask's Distillery.
  1625 | D:2      | Found Ulath's Assorted Antiques.
  1635 | D:2      | Found Qumi's Antique Weapon Emporium.
  1738 | D:2      | Bought a potion of curing for 30 gold pieces
  2349 | D:2      | Reached skill level 1 in Fighting
  2349 | D:2      | Reached XP level 4. HP: 27/32 MP: 0/0
  3236 | D:3      | Reached XP level 5. HP: 36/40 MP: 0/0
  3236 | D:3      | Learned a level 2 spell: Passwall
  4075 | D:3      | Reached skill level 1 in Slings
  4249 | D:3      | Identified Vehumet's Papyrus of Attacks
  4337 | D:3      | Reached XP level 6. HP: 42/47 MP: 0/0
  4473 | D:3      | You are sucked into a shaft and drop 2 floors!
  4473 | D:5      | Entered Level 5 of the Dungeon
  4474 | D:5      | Noticed Menkaure
  4480 | D:5      | Killed Menkaure
  4481 | D:5      | Reached skill level 3 in Slings
  4484 | D:5      | Reached skill level 4 in Slings
  4880 | D:5      | Reached skill level 5 in Slings
  4880 | D:5      | Reached XP level 7. HP: 47/52 MP: 0/0
  4880 | D:5      | Learned a level 2 spell: Ensorcelled Hibernation
  5167 | D:5      | Reached skill level 6 in Slings
  5783 | D:5      | Reached skill level 7 in Slings
  6027 | D:4      | Noticed Sigmund
  6037 | D:4      | Killed Sigmund
  6038 | D:4      | Reached skill level 8 in Slings
  6038 | D:4      | Reached XP level 8. HP: 47/58 MP: 0/0
  6931 | D:4      | Noticed Robin
  6939 | D:4      | Reached skill level 9 in Slings
  6942 | D:4      | Killed Robin
  7636 | D:4      | Noticed a moth of wrath
  7640 | D:4      | Found a bloodstained altar of Trog.
  7800 | D:4      | Noticed Ijyb
  7807 | D:4      | Killed Ijyb
  8365 | D:5      | Reached skill level 5 in Fighting
  8430 | D:6      | Found an iron altar of Okawaru.
  8698 | D:6      | Found Bijol's Book Boutique.
  9457 | D:6      | Reached XP level 9. HP: 10/68 MP: 0/0
  9457 | D:6      | Learned a level 4 spell: Dispel Undead
 10114 | D:7      | Found a staircase to the Ecumenical Temple.
 10125 | D:7      | Found a sparkling altar of Nemelex Xobeh.
 10125 | D:7      | Found an opulent altar of Gozag.
 10164 | D:7      | HP: 2/70 [wight/+3 dire flail of freezing (11)]
 10164 | D:7      | Mangled by a wight

Illustrated notes

Levels and vault maps discovered:
D:1:      saegor_arrival_simple_b, layout_rooms, minmay_ruptured
D:2:      layout_loops_corners, serial_shops, shop_fountains,
          nicolae_shop_window_shopping, nicolae_shop_waterfront,
          serial_park_tiny_1, minmay_pentomino_u2
D:3:      cheibrodos_fertilizer, layout_basic,
          grunt_temple_overflow_magic_moments, guppyfry_early_lair_pool
D:4:      layout_basic, tgw_trog, uniq_crazy_yiuf_cottage, uniq_ijyb,
          uniq_robin, uniq_sigmund
D:5:      layout_loops_ring, uniq_menkaure
D:6:      layout_basic, serial_shops, shop_fountains, okawaru_gym_becter
D:7:      layout_rooms, grunt_temple_overflow_opulence, fedhas_altar_2,
          temple_pool_b, uniq_duvessa, uniq_maggie

Skill      XL: |  1  2  3  4  5  6  7  8 |
---------------+-------------------------+-----
Spellcasting   | 3 4 |  4.0
Fighting       | 1 3 4 7 |  7.8
Slings         | 1 5 8 9 |  9.0
Dodging        | |  2.1
Stealth        | |  1.5

Action                   |  1- 3 |  4- 6 |  7- 9 || total
-------------------------+-------+-------+-------++-------
Melee: Dagger            |       |    14 |       ||    14
       Hunting sling     |       |     1 |       ||     1
 Fire: Hunting sling     |     1 |    14 |   243 ||   258
 Cast: Foxfire           |   113 |   126 |   176 ||   415
       Sticky Flame      |       |     1 |    13 ||    14
       Conjure Flame     |       |       |     2 ||     2
Armor: Robe              |     3 |    13 |    29 ||    45
Dodge: Dodged            |     5 |    38 |    81 ||   124

Table legend: (Time is in decaauts)
 A = Elapsed time spent in this place.
 B = Non-inter-level travel time spent in this place.
 C = Inter-level travel time spent in this place.
 D = Time resting spent in this place.
 E = Time spent auto-exploring this place.
 F = Levels seen in this place.
 G = Mean time per level.
                   A        B        C        D        E       F      G
               +--------+--------+--------+--------+--------+-----+--------+
         Total |  10113 |   9576 |    537 |    344 |   7931 |   7 | 1444.7 |
       Dungeon |  10113 |   9576 |    537 |    344 |   7931 |   7 | 1444.7 |
               +--------+--------+--------+--------+--------+-----+--------+

Top non-repeatable levels by time:
     D:2: 2027 daAuts
     D:3: 1772 daAuts
     D:5: 1638 daAuts
     D:4: 1631 daAuts
     D:1: 1550 daAuts
     D:6: 1363 daAuts
     D:7: 131 daAuts
